 Dungeon Crawl Stone Soup version 0.30-b1-2-g02819fbbbe (webtiles) character file.

Game seed: 714788367105196254

9 Arcadio the Sneak (level 2, 0/24 HPs)
             Began as a Demonspawn Delver on May 18, 2023.
             Slain by a sleepcap (7 damage)
             ... on level 5 of the Dungeon.
             The game lasted 00:02:00 (230 turns).

Arcadio the Sneak (Demonspawn Delver)                Turns: 230, Time: 00:02:00

Health: 0/24       AC:  3    Str: 12    XL:     2   Next: 3%
Magic:  2/2        EV: 12    Int: 11    God:
Gold:   6          SH:  0    Dex: 14    Spells: 1/1 levels left

rFire   . . .        a - +0 spear
rCold   . . .        (no shield)
rNeg    . . .        b - +0 leather armour
rPois   .            (no helmet)
rElec   .            (no cloak)
rCorr   .            (no gloves)
SInv    .            (no boots)
Will    .....        (no amulet)
Stlth   +++          (no ring)
HPRegen 0.24/turn    (no ring)
MPRegen 0.08/turn

%: no passive effects
@: no status effects
A: powered by pain 1
a: no special abilities


You were on level 5 of the Dungeon.
You visited 1 branch of the dungeon, and saw 1 of its levels.

You collected 6 gold pieces.

Inventory:

Hand Weapons
 a - a +0 spear (weapon)
Armour
 b - a +0 leather armour (worn)
Wands
 g - a wand of digging (3)
Scrolls
 c - a scroll of fog
 d - a scroll of magic mapping
 e - 2 scrolls of fear
Potions
 f - a potion of haste


   Skills:
 + Level 3.1 Fighting
 - Level 2.0 Polearms
 + Level 0.0 Armour
 - Level 2.0 Dodging
 - Level 4.6 Stealth


You had one spell level left.
You didn't know any spells.
Your spell library was empty.

Dungeon Overview and Level Annotations

Branches:
Dungeon (5/15) Zot: 5768
 Temple: D:4-7

Altars:

Annotations:
D:5 Grinder


Innate Abilities, Weirdness & Mutations

You sometimes gain a little power by taking damage.


Message History

You kill the adder!
You feel sick.
Your Polearms skill increases to level 2!
Your Dodging skill increases to level 2!
You have reached level 2!
Your demonic ancestry asserts itself...
You feel energised by your suffering.
You feel sick.
You are no longer poisoned.
You start resting.
HP restored.
e - 2 scrolls of fear (gained 1)
Okay, then.
You now have 6 gold pieces.
You open the door.
An iguana comes into view.
You close the door.
A hound comes into view.
A sleepcap comes into view.
Grinder comes into view.
Reach: a) +0 spear
Press: ? - help, Dir - move target, f - sleepcap
Aim: a sleepcap (about 2% to evade your +0 spear)
You reach to attack!
You hit the sleepcap but do no damage. You hit the sleepcap.
The sleepcap is moderately damaged.
The sleepcap releases spores at you.
You hit the sleepcap.
The sleepcap is moderately damaged.
The sleepcap misses you.
You hit the sleepcap but do no damage.
The sleepcap is moderately damaged.
The sleepcap releases spores at you.
You are engulfed in a cloud of soporific spores!
You fall asleep.
The sleepcap releases spores at you!
You wake up.
You hit the sleepcap but do no damage.
The sleepcap is moderately damaged.
The sleepcap releases spores at you!
You die...

...l...#############)...#.....#
#..### #....###.###.. .#####
###........# .. .....
..........#####..
#...#############+#.......#..
+......# .....#.. ####.#.##.#
#...##.# #^##.#.######.#....#
#...##.###.##.#.........# ##
##.........f@....#####..#####
#.....##.#...##.#####.......
#........#.###..............
#......###.. ..#######......
#......# #####. #......
######.#### #. #...... #....#
#. #...... #....+ .. ....#...##
#....# ###.###...


You could see a sleepcap.

Vanquished Creatures
  An adder (D:5)
1 creature vanquished.

Notes
Turn   | Place    | Note
-------+----------+-------------------------------------------
     0 | D:5      | Arcadio the Demonspawn Delver began the quest for the Orb.
     0 | D:5      | Reached XP level 1. HP: 18/18 MP: 1/1
    17 | D:5      | Gained mutation: You sometimes gain a little power by
                  | taking damage. [demonic ancestry]
    17 | D:5      | Reached XP level 2. HP: 10/24 MP: 2/2
   204 | D:5      | Noticed Grinder
   230 | D:5      | Slain by a sleepcap

Illustrated notes

Levels and vault maps discovered:
D:5:      layout_basic, fedhas_altar_fruit_tree, corexii_shack, uniq_grinder

Skill      XL: |  1 |
---------------+----+-----
Polearms       | 2 |  2.0
Dodging        | 2 |  2.0
Fighting       | |  3.1
Stealth        | |  4.6

Action                     || total
---------------------------++-------
  Melee: Spear             ||    16
 Armour: Leather armour    ||     4
  Dodge: Dodged            ||     5
